 Dungeon Crawl Stone Soup version 0.30-b1-2-g02819fbbbe (webtiles) character file.

Game seed: 7905508398410756640

4 manyhoops the Digger (level 1, 0/14 HPs)
             Began as a Demigod Earth Elementalist on Nov 21, 2023.
             Constricted to death by a ball python (1 damage)
             ... on level 1 of the Dungeon.
             The game lasted 00:00:17 (44 turns).

manyhoops the Digger (Demigod Earth Elementalist)     Turns: 44, Time: 00:00:18

Health: 0/14       AC:  2    Str:  9    XL:     1   Next: 46%
Magic:  0/5        EV:  9    Int: 17    God:
Gold:   0          SH:  0    Dex: 14    Spells: 2/3 levels left

rFire   . . .        (no weapon)
rCold   . . .        (no shield)
rNeg    . . .        a - +0 robe
rPois   .            (no helmet)
rElec   .            (no cloak)
rCorr   .            (no gloves)
SInv    .            (no boots)
Will    .....        (no amulet)
Stlth   ++           (no ring)
HPRegen 0.22/turn    (no ring)
MPRegen 0.09/turn

%: no passive effects
@: constricted
A: high MP 1, forlorn, divine attributes
a: no special abilities


You were on level 1 of the Dungeon.
You visited 1 branch of the dungeon, and saw 1 of its levels.

Inventory:

Armour
 a - a +0 robe (worn)
Potions
 b - a potion of magic


   Skills:
 - Level 1.7 Dodging
 - Level 1.7 Stealth
 + Level 1.9 Spellcasting
 - Level 0.8 Transmutations
 + Level 2.9 Earth Magic


You had 2 spell levels left.
You knew the following spells:

 Your Spells              Type           Power      Damage    Failure   Level
a - Sandblast             Erth           22%        2d7       6%          1

Your spell library contained the following spells:

 Spells                   Type           Power      Damage    Failure   Level
 Passwall                 Tmut/Erth      6%         N/A       14%         2
 Stone Arrow              Conj/Erth      12%        3d7       32%         3
 Petrify                  Tmut/Erth      8%         N/A       65%         4


Dungeon Overview and Level Annotations

Branches:
Dungeon (1/15)


Innate Abilities, Weirdness & Mutations

You have an increased reservoir of magic. (+10% MP)
You shall have no god before yourself.
Your divine heritage dramatically boosts your attributes as you level up.


Message History

Confirm with . or Enter, or press ? or * to list all spells.
You don't have enough magic to cast this spell.
Unknown command.
Unknown command.
You hit the kobold.
The kobold is moderately wounded.
The kobold barely misses you.
You completely miss the kobold.
The kobold is moderately wounded.
The kobold hits you with a +0 short sword.
Casting: Sandblast (safe; 6% risk of failure)
Confirm with . or Enter, or press ? or * to list all spells.
Aiming: Sandblast (safe; 6% risk of failure)
Press: ? - help, Shift-Dir - straight line, f/p - kobold
Aim: a kobold, wielding a +0 short sword (moderately wounded, 77% to hit)
The blast of sand hits the kobold.
You kill the kobold!
The ball python barely misses you. The ball python grabs you.
The ball python constricts you.
You closely miss the ball python.
The ball python bites you but does no damage.
The ball python constricts you.
You closely miss the ball python. The ball python closely misses you.
The ball python constricts you. The ball python barely misses you.
The ball python constricts you.
* * * LOW HITPOINT WARNING * * *
You barely miss the ball python. The ball python closely misses you.
The ball python constricts you.
You barely miss the ball python. The ball python bites you.
* * * LOW HITPOINT WARNING * * *
The ball python constricts you.
* * * LOW HITPOINT WARNING * * *
Okay, then.
You hit the ball python.
The ball python is moderately wounded.
The ball python barely misses you. The ball python constricts you.
You closely miss the ball python.
The ball python is moderately wounded.
The ball python closely misses you. The ball python constricts you.
You die...

... .... #.# #.8.8.#
#.# #..8...## #.#
#.8.8...###.#
#........##.######...
#.###.⌠.⌠.#...)......
#.+.#.....#..†#
#.#<#..8.@S†#..#
#.'.#.....####...#
#.###.⌠.⌠.# #..#
#........## ..#
#.8.8...## ..#
#..8...## .. #.8.8.##
... #.....# #######


You could see a ball python.

Vanquished Creatures
  A ball python (D:1)
  A hobgoblin (D:1)
  2 kobolds (D:1)
4 creatures vanquished.

Notes
Turn   | Place    | Note
-------+----------+-------------------------------------------
     0 | D:1      | manyhoops the Demigod Earth Elementalist began the quest
                  | for the Orb.
     0 | D:1      | Reached XP level 1. HP: 14/14 MP: 5/5
    44 | D:1      | Constricted to death by a ball python

Illustrated notes

Levels and vault maps discovered:
D:1:      ncdulo_halloftheorcs, layout_basic

Action                     || total
---------------------------++-------
  Melee: Unarmed           ||    11
   Cast: Sandblast         ||     7
 Armour: Robe              ||     3
  Dodge: Dodged            ||    10
